 Dungeon Crawl Stone Soup version 0.31.0-11-ge490571c62 (webtiles) character file.

Game seed: 5712820188026431403

2396 sanka the Grappler (level 9, -5/132 HPs)
             Began as a Troll Berserker on Jan 27, 2024.
             Was an Elder of Trog.
             Slain by Joseph
             ... wielding a +0 quarterstaff
              (19 damage)
             ... on level 7 of the Dungeon.
             The game lasted 00:05:59 (4467 turns).

sanka the Grappler (Troll Berserker)                Turns: 4467, Time: 00:06:00

Health: -5/132     AC:  4    Str: 27    XL:     9   Next: 22%
Magic:  8/8        EV: 11    Int:  3    God:    Trog [****..]
Gold:   436        SH:  0    Dex: 13    Spells: 8/8 levels left

rFire   . .          .
                       - Unarmed
rCold   . . .        (no shield)
rNeg    . . .        a - +0 animal skin
rPois   .            (helmet restricted)
rElec   .            (no cloak)
rCorr   .            (gloves unavailable)
SInv    .            (boots unavailable)
Will    .....        c - amulet of regeneration Stlth
                     (no ring)
HPRegen 2.02/turn    (no ring)
MPRegen 0.11/turn

%: no passive effects
@: berserking, studying Long Blades, very quick
A: large, unfitting armour, claws 3, regeneration 1, shaggy fur 1, tough skin 1
a: Renounce Religion, Berserk, Trog's Hand, Brothers in Arms


You were on level 7 of the Dungeon.
You worshipped Trog.
Trog was greatly pleased with you.
You visited 1 branch of the dungeon, and saw 7 of its levels.

You collected 436 gold pieces.


Innate Abilities, Weirdness & Mutations

You are too large for most types of armour.
You have claws for hands.
Your natural rate of healing is unusually fast.
You are covered in fur. (AC +1)
You have tough skin. (AC +1)


   Skills:
 + Level 5.5 Fighting
 + Level 5.2 Dodging
 - Level 10.0 Unarmed Combat


You had 8 spell levels left.
You didn't know any spells.
Your spell library was empty.

Inventory:

Missiles
 w - a curare-tipped dart {=f}
 x - a throwing net {=f}
Armour
 a - a +0 animal skin (worn)
Jewellery
 c - an amulet of regeneration (around neck)
Talismans
 j - a beast talisman
 m - a maw talisman
Wands
 h - a wand of paralysis (7)
 s - a wand of mindburst (23)
 t - a wand of digging (3)
Scrolls
 e - 5 scrolls of identify {unknown}
 f - 2 scrolls of fog {unknown}
 g - 2 scrolls of revelation {unknown}
 i - 3 scrolls of vulnerability {unknown}
 k - 2 scrolls of teleportation {unknown}
 l - a scroll of immolation {unknown}
 o - a scroll of noise {unknown}
 q - a scroll of enchant armour {unknown}
 u - a scroll of amnesia {unknown}
 y - a scroll of enchant weapon {unknown}
Potions
 b - a potion of attraction {unknown}
 d - 2 potions of berserk rage {unknown}
 n - 2 potions of cancellation {unknown}
 p - a potion of degeneration {unknown}
 r - 3 potions of curing {unknown}
 v - a potion of ambrosia {unknown}
 z - 2 potions of magic {unknown}

Dungeon Overview and Level Annotations

Branches:
Dungeon (7/15)             Temple (0/1) D:6

Altars:
Nemelex Xobeh
Uskayaw

Annotations:
D:7 Joseph

▒....~~♣~~...
▒▒▒..≈≈~≈≈...
▒...≈~≈...♣
▒▒.......♣
▒▒.....♣♣
▒.▒▒▒♣♣
▒▒▒▒▒▒▒▒▒▒.▒▒▒▒
@......@......▒
.▒▒▒▒▒▒▒T▒.▒▒▒▒
▒▒.▒.▒ ▒▒.▒..▒
▒▒▒▒.▒▒▒.▒▒
▒...▒▒ ▒▒.▒▒
▒▒.▒▒ ▒▒.▒
▒▒.▒▒ ▒▒.▒▒
▒▒.▒▒▒.▒▒
▒▒▒▒▒▒.▒..▒


You could see Joseph.


Message History

You claw Joseph.
Joseph is lightly wounded.
Joseph says, "It's nothing personal, but I have to kill you."
Joseph hits you with a +0 quarterstaff!
You claw Joseph!
Joseph is moderately wounded.
Joseph hits you with a +0 quarterstaff!
Unknown command.
You mangle Joseph!!
Joseph is heavily wounded.
Joseph hits you with a +0 quarterstaff!
* * * LOW HITPOINT WARNING * * *
Unknown command.
You closely miss Joseph.
Joseph is heavily wounded.
Unknown command.
You barely miss Joseph.
Joseph is heavily wounded.
Joseph hits you with a +0 quarterstaff!!
* * * LOW HITPOINT WARNING * * *
Use which ability? (? or * to list)
A red film seems to cover your vision as you go berserk!
You feel yourself moving faster!
You feel mighty!
Joseph hits you with a +0 quarterstaff!!
* * * LOW HITPOINT WARNING * * *
You scratch Joseph.
Joseph is severely wounded.
Joseph hits you with a +0 quarterstaff!!
You die...

Action                     |  1- 3 |  4- 6 |  7- 9 || total
---------------------------+-------+-------+-------++-------
  Melee: Unarmed           |    82 |    69 |   193 ||   344
         Punch             |     1 |     4 |     8 ||    13
 Invoke: Berserk           |       |       |     1 ||     1
   Stab: Sleeping          |     1 |     1 |     1 ||     3
         Distracted        |     1 |     1 |       ||     2
 Armour: Animal skin       |    43 |    68 |   129 ||   240
  Dodge: Dodged            |    35 |    37 |    70 ||   142

Levels and vault maps discovered:
D:1:      reono_arrival_mine, layout_basic, minmay_gold_behind_fungi
D:2:      layout_loops_ring, dilly_ecumenical_altar_fadedgnrine, uniq_natasha
D:3:      layout_loops_corners, nicolae_uskayaw_en_pointe
D:4:      layout_loops_ring, nemelex_dance_club_becter, uniq_pikel
D:5:      layout_rooms, minmay_manual_moon
D:6:      layout_gridville, temple_pool_b
D:7:      layout_loops_ring, ashenzari_altar_1, elyvilon_altar_3,
          biasface_ghost_orc_armoury, uniq_joseph

Notes
Turn   | Place    | Note
-------+----------+-------------------------------------------
     0 | D:1      | sanka the Troll Berserker began the quest for the Orb.
     0 | D:1      | Reached XP level 1. HP: 22/22 MP: 0/0
    99 | D:1      | Reached XP level 2. HP: 29/29 MP: 1/1
   288 | D:1      | Reached skill level 3 in Fighting
   291 | D:1      | Reached ** piety under Trog
   292 | D:1      | Reached XP level 3. HP: 37/37 MP: 2/2
   680 | D:2      | Noticed Natasha
   688 | D:2      | Killed Natasha
   689 | D:2      | Reached skill level 4 in Unarmed Combat
   841 | D:2      | Reached XP level 4. HP: 45/45 MP: 3/3
  1067 | D:2      | Noticed Natasha
  1073 | D:2      | Killed Natasha
  1085 | D:2      | Found a faded altar of an unknown god.
  1153 | D:2      | Reached skill level 5 in Unarmed Combat
  1333 | D:3      | Noticed a +0 spear
  1335 | D:3      | Noticed a +0 short sword
  1337 | D:3      | Noticed a +0 dagger
  1338 | D:3      | Noticed a +0 falchion
  1338 | D:3      | Noticed a +0 short sword
  1338 | D:3      | Noticed a +0 falchion
  1340 | D:3      | Noticed a +0 dagger
  1341 | D:3      | Noticed a +0 spear
  1343 | D:3      | Found a hide-covered altar of Uskayaw.
  1519 | D:3      | Noticed a centaur
  1530 | D:3      | Killed a centaur
  1531 | D:3      | Reached XP level 5. HP: 22/53 MP: 4/4
  1592 | D:3      | Reached *** piety under Trog
  1593 | D:3      | Reached skill level 6 in Unarmed Combat
  2071 | D:4      | Noticed an ogre
  2077 | D:4      | Killed an ogre
  2078 | D:4      | Reached XP level 6. HP: 34/61 MP: 5/5
  2279 | D:4      | Noticed Pikel
  2295 | D:4      | Killed Pikel
  2296 | D:4      | Reached skill level 8 in Unarmed Combat
  2296 | D:4      | Reached XP level 7. HP: 51/67 MP: 6/6
  2301 | D:4      | Reached skill level 9 in Unarmed Combat
  2668 | D:4      | Found a sparkling altar of Nemelex Xobeh.
  2767 | D:5      | Entered Level 5 of the Dungeon
  2820 | D:5      | Reached XP level 8. HP: 71/75 MP: 7/7
  3172 | D:5      | Reached skill level 10 in Unarmed Combat
  3448 | D:6      | Reached skill level 3 in Dodging
  3504 | D:6      | Reached skill level 4 in Fighting
  3536 | D:6      | Identified the +3 long sword of the King {spect, rPois}
  3638 | D:6      | Reached **** piety under Trog
  3667 | D:6      | Found a staircase to the Ecumenical Temple.
  3744 | D:6      | Reached skill level 4 in Dodging
  4123 | D:7      | Reached XP level 9. HP: 29/87 MP: 8/8
  4203 | D:7      | Reached skill level 5 in Fighting
  4300 | D:7      | Reached skill level 5 in Dodging
  4451 | D:7      | Noticed Joseph
  4466 | D:7      | HP: 13/132 [Joseph/+0 quarterstaff (18)]
  4467 | D:7      | Slain by Joseph

Vanquished Creatures
  Pikel (D:4)
  A basilisk (D:7)
  A steam dragon (D:7)
  A centaur (D:3)
  An ogre (D:4)
  A lemure (D:4)
  A phantom (D:6)
  A kobold brigand (D:7)
  A bullfrog (D:7)
  3 scorpions
  5 wights
  3 howler monkeys
  2 bombardier beetles (D:5)
  5 hounds
  2 jellies
  2 gnoll boudas
  2 sleepcaps
  Natasha (twice) (D:2)
  An iguana (D:6)
  2 orc wizards (D:4)
  7 gnolls
  4 adders
  A shadow imp (D:5)
  3 white imps
  2 dart slugs (D:1)
  A ribbon worm (D:2)
  13 orcs
  7 endoplasms
  4 giant cockroaches
  6 goblins
  6 hobgoblins
  4 jackals (D:3)
  2 quokkas
  4 ball pythons
  6 bats
  2 frilled lizards
  14 kobolds
  10 rats
134 creatures vanquished.
